 Dungeon Crawl Stone Soup version 0.20.1-1-g8b1a95d (webtiles) character file.

169 KoningWillie the Slasher (level 5, -5/52 HPs)
             Began as a Troll Fighter on Sept 24, 2017.
             Killed from afar by an orc wizard (10 damage)
             ... with a puff of flame
             ... on level 3 of the Dungeon.
             The game lasted 00:04:30 (2711 turns).

KoningWillie the Slasher (Troll Fighter)            Turns: 2711, Time: 00:04:31

Health: -5/52      AC:  5    Str: 25    XL:     5   Next: 25%
Magic:  4/4        EV: 10    Int:  4    God:
Gold:   169        SH:  0    Dex:  9    Spells: 4/4 levels left

rFire    . . .     SeeInvis .   a - +0 long sword
rCold    . . .     Gourm    +   (no shield)
rNeg     . . .     Faith    .   b - +0 robe
rPois    .         Spirit   .   (helmet restricted)
rElec    .         Reflect  .   (no cloak)
rCorr    .         Harm     .   (gloves unavailable)
MR       .....                  (boots unavailable)
Stlth    +.........             (no amulet)
Regen    0.6/turn               (no ring)
MPRegen  0.1/turn               (no ring)

@: about to teleport
A: unfitting armour, claws 3, fast metabolism 3, gourmand, regeneration 1,
shaggy fur 1, tough skin 2
a: no special abilities


You were on level 3 of the Dungeon.
You were not hungry.

You visited 1 branch of the dungeon, and saw 3 of its levels.

You collected 169 gold pieces.

Inventory:

Hand Weapons
 a - a +0 long sword (weapon)
Armour
 b - a +0 robe (worn)
Jewellery
 i - an uncursed ring of see invisible {unknown}
Wands
 n - a wand of confusion (0/48)
Scrolls
 c - a scroll of fog {unknown}
 e - 2 scrolls of remove curse {unknown}
 g - 2 scrolls of teleportation
 l - a scroll of enchant armour {unknown}
 s - a scroll of fear {unknown}
Potions
 d - a potion of might
 h - a potion of berserk rage {unknown}
 j - a potion of degeneration {unknown}
 k - 2 potions of lignification {unknown}
 m - a potion of mutation {unknown}
 o - a potion of heal wounds {unknown}
 p - a potion of cancellation {unknown}
 r - a potion of agility {unknown}
Comestibles
 f - 3 bread rations
 q - 2 royal jellies


   Skills:
 + Level 2.8 Fighting
 * Level 3.8 Long Blades
 + Level 3.0 Dodging
   Level 2.4 Shields


You had 4 spell levels left.
You didn't know any spells.

Dungeon Overview and Level Annotations

Branches:
Dungeon (3/15)

Altars:
Uskayaw
Xom


Innate Abilities, Weirdness & Mutations

You are too large for most types of armour.
You have claws for hands.
Your metabolism is lightning-fast.
You like to eat raw meat.
Your natural rate of healing is unusually fast.
You are covered in fur. (AC +1)
You have very tough skin. (AC +2)


Message History

The orc priest closely misses you.
You hit the orc priest.
You kill the orc priest!
Something hits you.
* * * LOW HITPOINT WARNING * * *
The orc closely misses you.
You completely miss the orc.
The orc is heavily wounded.
Something hits you.
* * * LOW HITPOINT WARNING * * *
The orc hits you.
* * * LOW HITPOINT WARNING * * *
As you read the scroll labeled ZASAEP EDOSO, it crumbles to dust.
You feel strangely unstable.
It was a scroll of teleportation.
The orc hits you.
* * * LOW HITPOINT WARNING * * *
You hear some strange, mumbled words.
A puff of flame appears from out of thin air!
The puff of flame hits you!
You die...

#.## ##.# #.# ##.# ##.###.##
#.# ### ....#..# ######.#
.###.#.# #......##♣♣♣ .#
#.#.### #.####.#.).♣.♣ .#
#.....# #.# ##......♣
.#####...# #.###.....P♣♣
..####...########{##)..#..♣♣
............(...@(o....##♣♣
.........########.o....#
.######..# ####..## ## ##.#
#.## # #.# #.# #.# #.# #+#
#.# #.# #.# ########.# .#
#.# .........# ##.#


You could see 2 orcs.

Vanquished Creatures
  An orc priest (D:3)
  Ijyb (D:3)
  2 adders
  3 gnolls (D:2)
  2 worms (D:3)
  A dart slug (D:2)
  2 leopard geckos (D:1)
  5 orcs (D:3)
  A ball python (D:2)
  7 giant cockroaches
  3 goblins
  5 hobgoblins
  A jackal (D:3)
  5 kobolds
  A quokka (D:3)
  6 bats
  5 frilled lizards
  3 rats
54 creatures vanquished.

Notes
Turn   | Place    | Note
-------+----------+-------------------------------------------
     0 | D:1      | KoningWillie the Troll Fighter began the quest for the Orb.
     0 | D:1      | Reached XP level 1. HP: 22/22 MP: 0/0
   271 | D:1      | Reached XP level 2. HP: 29/29 MP: 1/1
  1146 | D:2      | Reached XP level 3. HP: 36/36 MP: 2/2
  1439 | D:2      | Reached XP level 4. HP: 43/44 MP: 3/3
  1877 | D:3      | Found a hide-covered altar of Uskayaw.
  1877 | D:3      | Found a shimmering altar of Xom.
  2014 | D:3      | Noticed Ijyb
  2086 | D:3      | Killed Ijyb
  2504 | D:3      | Reached XP level 5. HP: 52/52 MP: 4/4
  2711 | D:3      | Killed from afar by an orc wizard

Skill      XL: |  1  2  3  4 |
---------------+-------------+-----
Long Blades    | 2 3 |  3.8
Dodging        | 3 |  3.0
Fighting       | |  2.8
Shields        | |  2.4

Action                   |  1- 3 |  4- 6 || total
-------------------------+-------+-------++-------
Melee: Long sword        |    99 |   107 ||   206
  Use: Scroll            |       |     1 ||     1
  Eat: Chunk             |     7 |     4 ||    11
       Bread ration      |     1 |       ||     1
       Meat ration       |       |     2 ||     2
Armor: Robe              |    53 |    61 ||   114
Dodge: Dodged            |    72 |    74 ||   146
       Rpst.: Long sword |    19 |    20 ||    39
